 Dungeon Crawl Stone Soup version 0.30-a0-782-ge64f9170bb (webtiles) character file.

Game seed: 17870837372172212535

60 theswoord the Shooter (level 3, -1/20 HPs)
             Began as a Deep Elf Hunter on Feb 23, 2023.
             Slain by Crazy Yiuf
             ... wielding a +3 quarterstaff of chaos
              (4 damage)
             ... on level 2 of the Dungeon.
             The game lasted 00:01:35 (1535 turns).

theswoord the Shooter (Deep Elf Hunter)             Turns: 1535, Time: 00:01:35

Health: -1/20      AC:  4    Str: 10    XL:     3   Next: 82%
Magic:  5/5        EV: 17    Int: 13    God:
Gold:   137        SH:  0    Dex: 18    Spells: 2/2 levels left

rFire   . . .      SeeInvis .    a - +0 shortbow
rCold   . . .      Faith    .    (shield currently unavailable)
rNeg    . . .      Spirit   .    c - +0 leather armour
rPois   .          Reflect  .    g - +0 helmet
rElec   .          Harm     .    (no cloak)
rCorr   .          Rampage  .    (no gloves)
Will    .....                    (no boots)
Stlth   ++                       (no amulet)
HPRegen 0.23/turn                (no ring)
MPRegen 0.09/turn                (no ring)

@: agile, lethally poisoned (-1 -> -4)
A: no striking features
a: no special abilities


You were on level 2 of the Dungeon.
You visited 1 branch of the dungeon, and saw 2 of its levels.

You collected 137 gold pieces.

Inventory:

Hand Weapons
 a - a +0 shortbow (weapon)
Armour
 c - a +0 leather armour (worn)
 g - a +0 helmet (worn)
Jewellery
 h - a ring of resist corrosion
Wands
 i - a wand of light (6)
Scrolls
 b - 2 scrolls of immolation
 j - a scroll of poison
 k - 2 scrolls of identify
 l - a scroll of noise {unknown}
Potions
 d - a potion of brilliance {unknown}
 e - 2 potions of curing
 f - 2 potions of heal wounds {unknown}


   Skills:
 - Level 1.5 Fighting
 + Level 7.3 Ranged Weapons
 - Level 2.4 Dodging
 - Level 1.2 Stealth


You had 2 spell levels left.
You didn't know any spells.
Your spell library was empty.

Dungeon Overview and Level Annotations

Branches:
Dungeon (2/15)

Altars:

Annotations:
D:2 Crazy Yiuf


Message History

You shoot an arrow. The arrow barely misses the goblin.
A goblin is nearby!
You shoot an arrow. The arrow barely misses the goblin.
A goblin is nearby!
You shoot an arrow. The arrow hits the goblin.
The goblin hits you with a +0 dagger.
You shoot an arrow. The arrow hits the goblin!
You kill the goblin!
No target in view!
No target in view!
Things that are here:
a +0 short sword; 3 stones Could not explore, unopened runed door.
Could not explore, unopened runed door.
No reachable target in view!
No reachable target in view!
Okay, then.
You open the door. You shoot an arrow. The arrow hits Crazy Yiuf.
Crazy Yiuf hits you with a +3 quarterstaff of chaos.
Crazy Yiuf burns you.
You shoot an arrow.
The arrow hits Crazy Yiuf but does no damage.
Crazy Yiuf hits you with a +3 quarterstaff of chaos.
* * * LOW HITPOINT WARNING * * *
You are lethally poisoned!
Crazy Yiuf closely misses you.
You shoot an arrow. The arrow hits Crazy Yiuf!
* * * LOW HITPOINT WARNING * * *
You feel very sick. Crazy Yiuf hits you but does no damage.
You feel agile all of a sudden.
You shoot an arrow. The arrow barely misses Crazy Yiuf.
* * * LOW HITPOINT WARNING * * *
You feel sick. Crazy Yiuf closely misses you.
You shoot an arrow. The arrow barely misses Crazy Yiuf.
* * * LOW HITPOINT WARNING * * *
You feel sick.
Crazy Yiuf hits you with a +3 quarterstaff of chaos.
You die...

#.###..# #......................
##.#.#.####.#.###......>.<.######
##...).....#..#.#..##..####
###...################# #...#
#...# ##...##♣♣ ### ####.<.....♣♣
♣♣#..)# ............♣♣♣♣@g...#
#.#..........♣..♣#...#
............♣.♣♣♣ ###
.#.##.).##♣♣♣♣♣ .#§####.#
.#.####.###### #### ### ###
..........##.## #..###.# ##.##
)#.####.#.##..###...##.# ##.#.###
.#.####...#...P......PP# #.###..#


You could see Crazy Yiuf.

Vanquished Creatures
  2 adders (D:2)
  A worm (D:2)
  2 bats (D:1)
  4 endoplasms (D:1)
  4 giant cockroaches (D:1)
  6 hobgoblins
  A quokka (D:1)
  A frilled lizard (D:1)
  5 goblins
  5 kobolds
  5 rats
36 creatures vanquished.

Notes
Turn   | Place    | Note
-------+----------+-------------------------------------------
     0 | D:1      | theswoord the Deep Elf Hunter began the quest for the Orb.
     0 | D:1      | Reached XP level 1. HP: 12/12 MP: 3/3
   145 | D:1      | Reached XP level 2. HP: 16/16 MP: 4/4
   147 | D:1      | Reached skill level 6 in Ranged Weapons
   600 | D:1      | Reached XP level 3. HP: 20/20 MP: 5/5
   940 | D:2      | Reached skill level 7 in Ranged Weapons
   995 | D:2      | Found a runed translucent door.
   996 | D:2      | Noticed Crazy Yiuf
  1535 | D:2      | Slain by Crazy Yiuf

Skill      XL: |  1  2  3 |
---------------+----------+-----
Ranged Weapons | 6 7 |  7.3
Fighting       | |  1.5
Dodging        | |  2.4
Stealth        | |  1.2

Action                     || total
---------------------------++-------
   Fire: Shortbow          ||   105
    Use: Scroll            ||     5
 Armour: Leather armour    ||    15
  Dodge: Dodged            ||    28

Levels and vault maps discovered:
D:1:      dpeg_arrival_simpleton_b, layout_basic,
          chequers_serial_rivers_micro_c, corexii_hall_statues_x
D:2:      layout_loops_ring, guppyfry_early_lair_pool, uniq_crazy_yiuf_cottage
